 Dungeon Crawl Stone Soup version 0.18.1-5-g4a78601 (webtiles) character file.

125 stepppan the Ruffian (level 4, -8/45 HPs)
             Began as a Troll Monk on May 14, 2016.
             Mangled by Crazy Yiuf
             ... wielding a +3 quarterstaff of chaos
              (12 damage)
             ... on level 3 of the Dungeon.
             The game lasted 00:06:30 (1435 turns).

stepppan the Ruffian (Troll Monk)                   Turns: 1435, Time: 00:06:31

Health: -8/45      AC:  6    Str: 20    XL:     4   Next: 82%
Magic:  3/3        EV: 11    Int:  6    God:
Gold:   51         SH:  0    Dex: 12    Spells: 0 memorised, 3 levels left

rFire  x x .     SeeInvis .       - Unarmed
rCold  + + .     Gourm    +     w - +1 robe {MR+}
rNeg   . . .     Faith    .     (no shield)
rPois  .         Spirit   .     (helmet restricted)
rElec  .         Dismiss  .     (no cloak)
rCorr  .         Reflect  .     (gloves unavailable)
SustAt .         Harm     .     (boots unavailable)
MR     +....                    k - amulet of magic regeneration
Stlth  +.........               u - ring of ice
                                g - ring of ice

@: lethally poisoned (-8 -> -10), somewhat resistant to hostile enchantments,
very unstealthy
A: unfitting armour, claws 3, fast metabolism 3, gourmand, regeneration 2,
shaggy fur 1, tough skin 2
a: no special abilities


You were on level 3 of the Dungeon.
You were very full.

You visited 1 branch of the dungeon, and saw 3 of its levels.

You collected 51 gold pieces.

Inventory:

Armour
 a - a +0 robe
 w - a +1 robe of magic resistance (worn)
Jewellery
 g - a ring of ice (left claw)
 k - an amulet of magic regeneration (around neck)
 u - a ring of ice (right claw)
Scrolls
 d - a scroll of random uselessness {unknown}
 f - 3 scrolls of identify {unknown}
 i - 2 scrolls of amnesia {unknown}
 j - a scroll of enchant weapon {unknown}
 o - a scroll of recharging {unknown}
 p - a scroll of blinking {unknown}
 t - a scroll of fog {unknown}
Potions
 c - 3 potions of curing {unknown}
 e - a potion of cure mutation {unknown}
 h - a potion of invisibility {unknown}
 l - a potion of haste {unknown}
 m - a potion of magic {unknown}
 q - a potion of mutation {unknown}
 r - a potion of degeneration {unknown}
Comestibles
 b - 3 bread rations
 n - a slice of pizza
 s - a meat ration


   Skills:
 + Level 3.0 Fighting
 + Level 3.3 Dodging
 + Level 1.5 Stealth
 + Level 4.8 Unarmed Combat


You had 3 spell levels left.
You didn't know any spells.

Dungeon Overview and Level Annotations

Branches:
Dungeon (3/15)

Altars:
Cheibriados
Gozag
Kikubaaqudgha
Zin
The Shining One

Annotations:
D:3 Crazy Yiuf


Innate Abilities, Weirdness & Mutations

You are too large for most types of armour.
You have claws for hands.
Your metabolism is lightning-fast.
You like to eat raw meat.
You heal very quickly.
You are covered in fur (AC +1).
You have very tough skin (AC +2).


Message History

* * * LOW HITPOINT WARNING * * *
Crazy Yiuf freezes you.
* * * LOW HITPOINT WARNING * * *
You can move again.
You closely miss Crazy Yiuf.
Crazy Yiuf is lightly wounded.
You feel sick. Crazy Yiuf misses you.
You scratch Crazy Yiuf.
Crazy Yiuf is moderately wounded.
You feel sick.
Crazy Yiuf yells, "Dawk!
Trifle ladder high."
Crazy Yiuf hits you with a quarterstaff of chaos.
* * * LOW HITPOINT WARNING * * *
You closely miss Crazy Yiuf.
Crazy Yiuf is moderately wounded.
You feel sick.
You claw Crazy Yiuf!
Crazy Yiuf is almost dead.
Crazy Yiuf hits you with a quarterstaff of chaos!
You die...

#.............#.#
#.####.#####.##.#
#..(...# ####.#
#.###### ### #.#
#.###♣♣♣♣♣
#.#....♣.♣♣♣#####
#.......♣..♣#...#
#......♣♣♣♣...@g#
##....♣♣ ♣♣#..)#
####♣♣ #####


You could see Crazy Yiuf.

Vanquished Creatures
  Jessica (D:3)
  A worker ant zombie (D:3)
  3 adders (D:2)
  2 oozes
  A ball python (D:1)
  5 giant cockroaches
  10 goblins
  3 hobgoblins
  4 jackals (D:1)
  7 kobolds
  7 bats
  4 giant newts
  5 rats (D:1)
53 creatures vanquished.

Notes
Turn   | Place    | Note
--------------------------------------------------------------
     0 | D:1      | stepppan the Troll Monk began the quest for the Orb.
     0 | D:1      | Reached XP level 1. HP: 22/22 MP: 0/0
    39 | D:1      | Reached XP level 2. HP: 20/29 MP: 1/1
   272 | D:1      | Reached XP level 3. HP: 36/36 MP: 2/2
   667 | D:2      | Reached XP level 4. HP: 34/44 MP: 3/3
   779 | D:2      | Found an opulent altar of Gozag.
   784 | D:2      | Found a snail-covered altar of Cheibriados.
   785 | D:2      | Found an ancient bone altar of Kikubaaqudgha.
   785 | D:2      | Found a glowing golden altar of the Shining One.
  1376 | D:3      | Found a glowing silver altar of Zin.
  1380 | D:3      | Noticed Jessica
  1383 | D:3      | Killed Jessica
  1422 | D:3      | Noticed Crazy Yiuf
  1428 | D:3      | Paralysed by Crazy Yiuf for 3 turns
  1435 | D:3      | Mangled by Crazy Yiuf

Skill      XL: |  1  2  3  4 |
---------------+-------------+-----
Dodging        | 3 |  3.3
Fighting       | 3 |  3.0
Stealth        | |  1.5
Unarmed Combat | |  4.8

Action                   |  1- 3 |  4- 6 || total
-------------------------+-------+-------++-------
Melee: Unarmed           |    84 |    28 ||   112
       Punch             |     3 |     1 ||     4
 Stab: Sleeping          |     2 |       ||     2
  Eat: Chunk             |    12 |     6 ||    18
Armor: Robe              |    31 |     5 ||    36
Dodge: Dodged            |    43 |    12 ||    55
